 Dungeon Crawl Stone Soup version 0.31-a0-152-g6aa68a64a1 (webtiles) character file.

Game seed: 5109943392099531103

168 qw the Shooter (level 5, -3/46 HPs)
             Began as a Minotaur Hunter on June 9, 2023.
             Slain by an orc priest
             ... wielding a +0 morningstar
              (7 damage)
             ... on level 3 of the Dungeon.
             The game lasted 00:00:45 (2073 turns).

qw the Shooter (Minotaur Hunter)                    Turns: 2073, Time: 00:00:45

Health: -3/46      AC:  3    Str: 15    XL:     5   Next: 23%
Magic:  4/4        EV: 12    Int:  6    God:
Gold:   96         SH:  0    Dex: 16    Spells: 4/4 levels left

rFire   . . .        Y - +0 shortbow (flame)
rCold   . . .        (shield currently unavailable)
rNeg    . . .        c - +0 leather armour
rPois   .            (helmet restricted)
rElec   .            (no cloak)
rCorr   .            (no gloves)
SInv    .            (no boots)
Will    .....        (no amulet)
Stlth   +            (no ring)
HPRegen 0.27/turn    (no ring)
MPRegen 0.09/turn

%: no passive effects
@: no status effects
A: horns 2, retaliatory headbutt
a: no special abilities


You were on level 3 of the Dungeon.
You visited 1 branch of the dungeon, and saw 3 of its levels.

You collected 96 gold pieces.


Innate Abilities, Weirdness & Mutations

You have a pair of horns on your head.
You reflexively headbutt those who attack you in melee.


   Skills:
 - Level 4.0 Fighting
 + Level 6.6 Ranged Weapons
 - Level 2.1 Dodging
 - Level 0.7 Stealth


You had 4 spell levels left.
You didn't know any spells.
Your spell library was empty.

Inventory:

Hand Weapons
 Y - a +0 shortbow of flaming (weapon)
Armour
 c - a +0 leather armour (worn)
Jewellery
 g - a ring of fire
Scrolls
 b - a scroll of poison {unknown}
 f - a scroll of identify
Potions
 a - a potion of resistance
 d - a potion of lignification {unknown}
 h - a potion of haste {unknown}

Dungeon Overview and Level Annotations

Branches:
Dungeon (3/15)

Altars:
Gozag


Message History

You shoot an arrow.
The arrow closely misses the orc priest.
You shoot an arrow. The arrow hits the orc priest.
The arrow burns the orc priest.
The orc priest is lightly wounded.
You shoot an arrow. The arrow hits the orc priest.
The arrow burns the orc priest.
The orc priest is severely wounded.
The orc priest invokes the aid of Beogh against you.
Beogh smites you!
You shoot an arrow.
The arrow hits the orc priest but does no damage.
The orc priest is severely wounded.
The orc priest casts a cantrip, but nothing happens.
You shoot an arrow.
The arrow hits the orc priest but does no damage.
The orc priest is severely wounded.
You shoot an arrow. The arrow hits the orc priest.
The arrow burns the orc priest.
The orc priest is almost dead.
The orc priest invokes the aid of Beogh against you.
Beogh smites you!
You shoot an arrow.
The arrow hits the orc priest but does no damage.
The orc priest is almost dead.
You shoot an arrow. The arrow barely misses the orc priest.
The orc priest invokes the aid of Beogh against you.
Beogh smites you!
You shoot an arrow.
The arrow hits the orc priest but does no damage.
The orc priest is almost dead.
The orc priest hits you with a +0 morningstar.
You shoot an arrow. The arrow barely misses the orc priest.
The orc priest invokes the aid of Beogh against you.
Beogh smites you!
The orc priest hits you with a +0 morningstar.
You shoot an arrow.
The arrow closely misses the orc priest.
The orc priest hits you with a +0 morningstar!
You die...

# ##.# ##.#.#
####.#..###.#
#....@o..).>.
#.##)#.<##..#
##.###.#.#
#........#
#.#####..#######
#........#
########.# #.#
#.#


You could see an orc priest.

Vanquished Creatures
  A scorpion (D:2)
  An orc wizard (D:3)
  3 adders
  3 worms
  2 orcs (D:3)
  8 bats
  5 endoplasms
  4 goblins
  7 hobgoblins
  2 jackals (D:2)
  5 ball pythons
  3 frilled lizards
  2 kobolds (D:1)
  6 rats
52 creatures vanquished.

Notes
Turn   | Place    | Note
-------+----------+-------------------------------------------
     0 | D:1      | qw the Minotaur Hunter began the quest for the Orb.
     0 | D:1      | Reached XP level 1. HP: 18/18 MP: 0/0
     0 | D:1      | 0 ||| qw: Version: 0.2-a-122-gbc61b45
     0 | D:1      | 0 ||| qw: Game counter: 3285
     0 | D:1      | 0 ||| qw: Always use a shield: true
     0 | D:1      | 0 ||| qw: God list: Okawaru
     0 | D:1      | 0 ||| qw: Allow faded altars: false
     0 | D:1      | 0 ||| qw: Do Orc after D:15 true
     0 | D:1      | 0 ||| qw: Do second Lair branch before Depths: true
     0 | D:1      | 0 ||| qw: Lair rune preference: random
     0 | D:1      | 0 ||| qw: Plans: Normal
     0 | D:1      | 0 ||| PLANNING D:1-11
    82 | D:1      | Reached XP level 2. HP: 25/25 MP: 1/1
   120 | D:1      | Reached skill level 5 in Ranged Weapons
   423 | D:1      | Found a faded altar of an unknown god.
   487 | D:1      | 487 ||| READING scroll labelled ERO NEJEUV.
   488 | D:1      | 488 ||| READING scroll labelled DUCSIJ EVEOTAF.
   489 | D:1      | 489 ||| READING 3 scrolls labelled SIGGIE MYHUSA.
   490 | D:1      | 490 ||| DROPPING scroll of butterflies.
   537 | D:2      | Reached skill level 3 in Fighting
   672 | D:2      | Reached XP level 3. HP: 31/31 MP: 2/2
   678 | D:2      | Noticed a scorpion
   692 | D:2      | Killed a scorpion
   693 | D:2      | Reached skill level 6 in Ranged Weapons
   693 | D:2      | Reached XP level 4. HP: 18/38 MP: 3/3
  1503 | D:2      | 1503 ||| READING scroll labelled MUDIGA UCKEARCH.
  1571 | D:2      | 1571 ||| READING scroll labelled DIWKANNIXOM.
  1572 | D:2      | 1572 ||| READING scroll labelled QOMOAWUZERCH.
  1577 | D:2      | 1577 ||| DRINKING 2 sedimented white potions.
  1578 | D:2      | 1578 ||| DRINKING 2 amethyst potions.
  1579 | D:2      | 1579 ||| READING 2 scrolls of identify.
  1579 | D:2      | 1579 ||| IDENTIFYING golden potion
  1580 | D:2      | 1580 ||| DROPPING potion of brilliance.
  1817 | D:3      | Found an opulent altar of Gozag.
  1865 | D:3      | Reached XP level 5. HP: 46/46 MP: 4/4
  1999 | D:3      | 1999 ||| DRINKING potion of curing.
  1999 | D:3      | 1999 ||| (to cure confusion)
  2072 | D:3      | HP: 5/46 [orc priest/divine providence (8)]
  2073 | D:3      | Slain by an orc priest

Levels and vault maps discovered:
D:1:      minmay_arrival_doors, layout_rooms, ebering_ecumenical_altar_rust
D:2:      layout_loops_corners
D:3:      layout_loops_ring, fedhas_altar_2,
          chequers_temple_overflow_minitemple, old_standard_altar

Skill      XL: |  1  2  3  4 |
---------------+-------------+-----
Ranged Weapons | 5 6 |  6.6
Fighting       | 3 4 |  4.0
Dodging        | |  2.1
Stealth        | |  0.7

Action                     |  1- 3 |  4- 6 || total
---------------------------+-------+-------++-------
   Fire: Shortbow          |    76 |    96 ||   172
    Use: Scroll            |     3 |     4 ||     7
         Potion            |       |     3 ||     3
 Armour: Leather armour    |    15 |     5 ||    20
  Dodge: Dodged            |    19 |    14 ||    33

Table legend:
 A = Non-vault XP
 B = Vault XP
 C = Vault XP percentage of total XP
 D = Non-vault monster count
 E = Vault monster count
 F = Vault count percentage of total count
                 A         B        C        D         E       F
            +---------+---------+-------+---------+---------+-------
      Total |     240 |       0 |   0.0 |      52 |       0 |   0.0
            +---------+---------+-------+---------+---------+-------
        D:1 |      25 |       0 |   0.0 |      17 |       0 |   0.0
        D:2 |     132 |       0 |   0.0 |      23 |       0 |   0.0
        D:3 |      83 |       0 |   0.0 |      12 |       0 |   0.0
            +---------+---------+-------+---------+---------+-------
